 Dungeon Crawl Stone Soup version 0.21.1-1-g345015fe64 (webtiles) character file.

155 NullDivider the Charlatan (level 5, -2/27 HPs)
             Began as a Spriggan Artificer on May 10, 2018.
             Slain by a river rat (10 damage)
             ... in a sewer.
             The game lasted 00:12:10 (3320 turns).

NullDivider the Charlatan (Spriggan Artificer)      Turns: 3320, Time: 00:12:10

Health: -2/27      AC:  2    Str:  8    XL:     5   Next: 14%
Magic:  9/9        EV: 19    Int: 13    God:
Gold:   185        SH:  0    Dex: 17    Spells: 4/4 levels left

rFire    . . .     SeeInvis +   a - +0 short sword
rCold    . . .     Gourm    .   (shield restricted)
rNeg     . . .     Faith    .   b - +0 robe
rPois    .         Spirit   .   (helmet restricted)
rElec    .         Reflect  .   (no cloak)
rCorr    .         Harm     .   (gloves unavailable)
MR       .....                  (boots unavailable)
Stlth    ++........             (no amulet)
HPRegen  0.09/turn              (no ring)
MPRegen  0.11/turn              (no ring)

@: very quick
A: very small, unfitting armour, see invisible, herbivore, speed 3, slow
metabolism 2
a: no special abilities


You were in a sewer.
You were hungry.

You visited 1 branch of the dungeon, and saw 3 of its levels.
You also visited: Sewer.

You collected 185 gold pieces.

Inventory:

Hand Weapons
 a - a +0 short sword (weapon)
 m - a +0 hunting sling
Armour
 b - a +0 robe (worn)
Jewellery
 s - an uncursed ring of wizardry {unknown}
Wands
 c - a wand of flame (15)
 d - a wand of enslavement (15)
 e - a wand of random effects (1)
Scrolls
 g - 4 scrolls of teleportation {unknown}
 h - 2 scrolls of remove curse {unknown}
 i - 4 scrolls of identify {unknown}
 l - a scroll of immolation {unknown}
 n - a scroll of blinking {unknown}
 p - 2 scrolls of amnesia {unknown}
 r - a scroll of random uselessness {unknown}
Potions
 j - a potion of heal wounds {unknown}
 k - a potion of degeneration {unknown}
 o - 2 potions of curing {unknown}
 q - a potion of mutation {unknown}
 t - a potion of magic {unknown}
 u - a potion of brilliance {unknown}
Comestibles
 f - 6 rations


   Skills:
 * Level 2.5 Fighting
 * Level 2.8 Short Blades
 + Level 3.8 Dodging
 + Level 3.0 Stealth
 + Level 4.8 Evocations


You had 4 spell levels left.
You didn't know any spells.

Dungeon Overview and Level Annotations

Branches:
Dungeon (3/15)

Altars:
Kikubaaqudgha
Makhleb
The Shining One


Innate Abilities, Weirdness & Mutations

You are very small and have problems with some larger weapons.
You are too small for most types of armour.
You have supernaturally acute eyesight. (SInv)
You are a herbivore.
You cover ground extremely quickly.
You need consume almost no food.


Message History

You hit the river rat.
The river rat is almost dead.
You closely miss the river rat.
The river rat is almost dead.
The river rat closely misses you.
You barely miss the river rat.
The river rat is almost dead.
The river rat bites you.
* * * LOW HITPOINT WARNING * * *
You hit the river rat.
The river rat is almost dead.
The river rat misses you.
You barely miss the river rat.
The river rat is almost dead.
The river rat twitches its whiskers.
The river rat misses you.
You barely miss the river rat.
The river rat is almost dead.
The river rat bites you!
You die...

#.......≈≈≈≈≈
.......≈≈≈≈≈
#.r....≈≈≈≈≈
......≈≈≈≈≈
#......≈≈≈≈
####.......≈≈≈
#@# #.....≈≈≈≈
#r###.....≈≈≈.
#..#......≈≈≈≈
##.........≈≈≈
##........≈≈≈
##......≈≈≈≈
#..r.≈≈≈≈≈≈
......≈≈≈≈≈
#......≈≈≈≈≈


You could see a river rat and a rat (wandering).

Vanquished Creatures
  Jessica (D:2)
  A worker ant (D:2)
  4 adders
  3 worms
  2 dart slugs (D:2)
  4 leopard geckos
  5 ball pythons
  6 bats
  6 giant cockroaches
  3 hobgoblins
  2 quokkas
  4 frilled lizards
  9 goblins
  7 kobolds
  7 rats
64 creatures vanquished.

Notes
Turn   | Place    | Note
-------+----------+-------------------------------------------
     0 | D:1      | NullDivider the Spriggan Artificer began the quest for the Orb.
     0 | D:1      | Reached XP level 1. HP: 9/9 MP: 4/4
    65 | D:1      | Reached skill level 1 in Fighting
   126 | D:1      | Reached XP level 2. HP: 14/14 MP: 6/6
  1039 | D:2      | Noticed Jessica
  1057 | D:1      | Reached XP level 3. HP: 15/18 MP: 7/7
  1116 | D:2      | Killed Jessica
  1222 | D:2      | Reached XP level 4. HP: 22/23 MP: 8/8
  1680 | D:2      | Found an ancient bone altar of Kikubaaqudgha.
  1681 | D:2      | Found a burning altar of Makhleb.
  1771 | D:2      | Found a glowing golden altar of the Shining One.
  2890 | D:3      | Reached XP level 5. HP: 15/27 MP: 9/9
  3198 | D:3      | Found a glowing drain.
  3223 | Sewer    | Entered a sewer
  3320 | Sewer    | Slain by a river rat

Skill      XL: |  1  2  3  4  5 |
---------------+----------------+-----
Fighting       | 1 2 |  2.5
Stealth        | 2 3 |  3.0
Short Blades   | 2 |  2.8
Dodging        | |  3.8
Evocations     | |  4.8

Action                   |  1- 3 |  4- 6 || total
-------------------------+-------+-------++-------
Melee: Short sword       |   143 |   203 ||   346
Evoke: Wand              |     2 |    12 ||    14
 Stab: Sleeping          |     2 |     6 ||     8
       Confused          |     2 |       ||     2
Armor: Robe              |    11 |    13 ||    24
Dodge: Dodged            |   128 |   140 ||   268
